[Event "Team 45 45 League T81"]
[Site "Internet Chess Club"]
[Date "2019.07.15"]
[Round "3"]
[White "rubo"]
[Black "LuFran"]
[Result "0-1"]
[WhiteElo "1533"]
[BlackElo "1678"]
[Opening "Queen's pawn, Mason variation"]
[ECO "D00"]
[Time "20:00:44"]
[TimeControl "2700+45"]

1. d4 d5 2. Bf4 Nf6 3. e3 e6 4. Nf3 Bd6 5. Bg3 O-O 6. Bd3 b6 7. Nbd2 Ba6 8. Bxa6
Nxa6 9. Ne5 c5 10. c3 Qc7 11. Qe2 Nb8 12. f4 Nc6 13. Ndf3 Ne7 14. O-O Nf5 15.
Bf2 Ne4 16. Be1 Rac8 17. g4 Ne7 18. Nd2 Nxd2 19. Qxd2 f5 20. g5 Nc6 21. Bg3 g6
22. Rac1 Nxe5 23. fxe5 Be7 24. Bf4 c4 25. Rf3 Qd8 26. Qg2 b5 27. a3 a5 28. Rcf1
Ra8 29. h4 b4 30. axb4 axb4 31. Rh3 bxc3 32. bxc3 Ra3 33. Rc1 Qa5 34. Qd2 Ra2
35. Rc2 Ra1+ 36. Kg2 Rb8 37. h5 Rbb1 38. Qf2 Qa4 39. Rh2 Rg1+ 40. Kh3 Raf1 41.
Qe2 Qa1 42. hxg6 hxg6 43. Ra2 Qxc3 44. Ra8+ Kg7 45. Rf2 Rh1+ 46. Kg3 Rfg1+ 47.
Rg2 Qc1 48. Rxg1 Qxg1+ 49. Kf3 Rh3+ {White resigns} 0-1

[Event "Team 45 45 League T81"]
[Site "Internet Chess Club"]
[Date "2019.07.12"]
[Round "3"]
[White "Balderdash"]
[Black "g8wrb"]
[Result "1-0"]
[WhiteElo "1338"]
[BlackElo "1307"]
[Opening "French: Steinitz variation"]
[ECO "C11"]
[Time "09:00:39"]
[TimeControl "2700+45"]

1. e4 e6 2. d4 d5 3. Nc3 Nf6 4. e5 Nfd7 5. Nf3 c5 6. Be3 Nc6 7. Be2 cxd4 8. Nxd4
Ndxe5 9. Bf4 Bd6 10. g3 a6 11. Nxc6 Nxc6 12. Bxd6 Qxd6 13. Bf3 Bd7 14. Qe2 Nd4
15. Qd3 Nxf3+ 16. Qxf3 Bc6 17. Qg4 Qe5+ 18. Ne2 O-O 19. O-O-O Rac8 20. Rhe1 Qf5
21. Qxf5 exf5 22. Nd4 g6 23. Nxc6 bxc6 24. b4 Rfe8 25. Rf1 Re4 26. a3 Rce8 27.
f3 Re2 28. h4 h5 29. f4 R8e3 30. Rd3 Kf8 31. Rg1 Ke7 32. a4 Rh2 33. Rxe3+ Kd7
34. Rge1 Rg2 35. Re7+ Kd8 36. Rxf7 Rxg3 37. Ra7 Rg4 38. Rxa6 Rxf4 39. Rxc6 Rxh4
40. Rxg6 Rg4 41. Rd6+ Kc7 42. Rxd5 h4 43. Rxf5 Rxb4 44. Re7+ Kd6 45. Rh7 Rxa4
46. Rh6+ Ke7 47. Rfh5 Ra1+ 48. Kb2 Re1 49. Rxh4 Kd7 50. Ra4 Re2 51. Ra7+ Kd8 52.
Rh8+ Re8 53. Ra8+ {Black resigns} 1-0

[Event "Team 45 45 League T81"]
[Site "Internet Chess Club"]
[Date "2019.07.11"]
[Round "3"]
[White "nosir"]
[Black "howah45"]
[Result "1/2-1/2"]
[WhiteElo "1403"]
[BlackElo "1200"]
[Opening "Queen's pawn: Chigorin variation"]
[ECO "D00"]
[Time "18:00:35"]
[TimeControl "2700+45"]

1. d4 d5 2. Nc3 Nf6 3. Bf4 Bf5 4. Nb5 Na6 5. e3 e6 6. f3 c6 7. Nc3 Nb4 8. Rc1 c5
9. a3 Nc6 10. g4 Bg6 11. h4 h5 12. g5 Nd7 13. Bd3 cxd4 14. Bxg6 dxc3 15. Bd3
cxb2 16. Rb1 Qa5+ 17. Kf2 Bxa3 18. Ne2 e5 19. Bg3 Nc5 20. Bf5 Rd8 21. Kg2 g6 22.
Be1 Qa6 23. Bh3 Qb6 24. Nc3 Ne7 25. Qe2 e4 26. Nb5 exf3+ 27. Kxf3 Qc6 {Game
drawn by mutual agreement} 1/2-1/2

[Event "Team 45 45 League T81"]
[Site "Internet Chess Club"]
[Date "2019.07.16"]
[Round "3"]
[White "joaoazm"]
[Black "DaveTheRook"]
[Result "1/2-1/2"]
[WhiteElo "1766"]
[BlackElo "1586"]
[Opening "Ruy Lopez: closed, anti-Marshall 8.a4"]
[ECO "C88"]
[Time "17:01:14"]
[TimeControl "2700+45"]

1. e4 e5 2. Nf3 Nc6 3. Bb5 a6 4. Ba4 Nf6 5. O-O Be7 6. Re1 b5 7. Bb3 O-O 8. a4
Bb7 9. d3 d6 10. c3 Na5 11. Ba2 c5 12. Bg5 h6 13. Bxf6 Bxf6 14. Nbd2 Nc6 15. Bd5
Qd7 16. Qb3 Ne7 17. Bxb7 Qxb7 18. Nc4 Qb8 19. axb5 Qxb5 20. Qxb5 axb5 21. Nxd6
b4 22. Nb7 c4 23. dxc4 bxc3 24. bxc3 Nc6 25. c5 Rab8 26. Nd6 Ra8 27. Red1 {Game
drawn by mutual agreement} 1/2-1/2

[Event "Team 45 45 League T81"]
[Site "Internet Chess Club"]
[Date "2019.07.14"]
[Round "3"]
[White "pokerram"]
[Black "WillC"]
[Result "0-1"]
[WhiteElo "1561"]
[BlackElo "1658"]
[Opening "Sicilian: Najdorf, Lipnitzky attack"]
[ECO "B86"]
[Time "13:03:56"]
[TimeControl "2700+45"]

1. e4 c5 2. Nf3 d6 3. d4 cxd4 4. Nxd4 Nf6 5. Nc3 a6 6. Bc4 e6 7. Bb3 Be7 8. g4
h6 9. h4 Nc6 10. Rg1 Nd7 11. Bxe6 Nxd4 12. Bxd7+ Bxd7 13. Qxd4 Be6 14. Nd5 Bxd5
15. exd5 O-O 16. g5 Re8 17. Be3 hxg5 18. hxg5 Bxg5 19. O-O-O Bf6 20. Qd3 Qe7 21.
Rh1 Qe4 22. Qxe4 Rxe4 23. Rhe1 Rb4 24. b3 a5 25. a3 Rb5 26. a4 Rb4 27. Bd2 Rg4
28. f3 Rg2 29. Bf4 Rc8 30. c4 Bb2+ 31. Kb1 Ba3 32. Rd2 Rg6 33. Rde2 Bb4 34. Re8+
Rxe8 35. Rxe8+ Kh7 36. Rb8 Rf6 37. Bg5 Rxf3 38. Rxb7 Rxb3+ 39. Kc2 Rf3 40. Bd2
Rf2 41. Rxb4 axb4 42. Kd3 b3 43. Bc1 b2 44. Bxb2 Rxb2 45. Kc3 Rb8 46. c5 dxc5
47. a5 Ra8 {White resigns} 0-1

[Event "Team 45 45 League T81"]
[Site "Internet Chess Club"]
[Date "2019.07.15"]
[Round "3"]
[White "az2112"]
[Black "mongmong"]
[Result "1-0"]
[WhiteElo "1432"]
[BlackElo "1525"]
[Opening "Queen's Indian defense"]
[ECO "E12"]
[Time "21:00:42"]
[TimeControl "2700+45"]

1. d4 e6 2. c4 Nf6 3. Nf3 b6 4. Bg5 Bb7 5. e3 h6 6. Bh4 Be7 7. Nbd2 c5 8. h3 Ne4
9. Bxe7 Qxe7 10. Be2 Nf6 11. O-O d5 12. b3 O-O 13. Ne5 cxd4 14. exd4 dxc4 15.
bxc4 Nc6 16. Ndf3 Rad8 17. Nxc6 Bxc6 18. Ne5 Qd6 19. Nxc6 Qxc6 20. Rc1 Qd6 21.
Qa4 Rd7 22. Rfd1 Rfd8 23. c5 bxc5 24. dxc5 Qc7 25. Rxd7 Qxd7 26. Qxd7 Rxd7 27.
c6 Rc7 28. Bb5 Kf8 29. Ba4 Ke7 30. Rb1 Kd6 31. Rd1+ Nd5 32. Kf1 Ke7 33. Rc1 Kd6
34. a3 a6 35. Rd1 Kc5 36. Rc1+ Kb6 37. Rc4 Ka7 38. Bd1 Kb6 39. Ba4 Ka5 40. Bd1
Kb5 41. Rc1 Nb6 42. Be2+ Ka5 43. Rc5+ Ka4 44. Bxa6 Kxa3 45. Ra5+ Kb4 46. Rb5+
Ka4 47. Rxb6 Ka5 48. Rb7 Rxc6 49. Bd3 Rd6 50. Ke2 {Black resigns} 1-0

[Event "Team 45 45 League T81"]
[Site "Internet Chess Club"]
[Date "2019.07.15"]
[Round "3"]
[White "Megasus"]
[Black "grekor"]
[Result "1-0"]
[WhiteElo "1508"]
[BlackElo "1137"]
[Opening "Queen's pawn game"]
[ECO "D02"]
[Time "19:00:49"]
[TimeControl "2700+45"]

1. Nf3 d5 2. d4 Bg4 3. Nbd2 Nc6 4. h3 Bh5 5. g4 Bg6 6. a3 Nf6 7. e3 e6 8. b3 Bd6
9. Bb2 O-O 10. c4 dxc4 11. bxc4 Re8 12. c5 Bxc5 13. dxc5 e5 14. Qb3 e4 15. Ng5
Nd5 16. h4 Nde7 17. Bc4 Rf8 18. h5 Nc8 19. hxg6 Qxg5 20. Rxh7 Qxg6 21. Rxg7+
Qxg7 22. Bxg7 Kxg7 23. Nxe4 Ne5 24. Qc3 f6 25. g5 Ng4 26. Ke2 Kg6 27. Rg1 Ne5
28. gxf6+ Kf5 29. Rg5+ Kxe4 30. Qxe5# {Black checkmated} 1-0

[Event "Team 45 45 League T81"]
[Site "Internet Chess Club"]
[Date "2019.07.16"]
[Round "3"]
[White "rubo"]
[Black "clarinetref"]
[Result "1/2-1/2"]
[WhiteElo "1531"]
[BlackElo "1496"]
[Opening "Modern defense"]
[ECO "A40"]
[Time "15:03:58"]
[TimeControl "2700+45"]

1. d4 g6 2. Bf4 Bg7 3. Nc3 d6 4. e4 Nd7 5. Nf3 e5 6. dxe5 dxe5 7. Bg3 c6 8. Qd6
Qe7 9. O-O-O Qxd6 10. Rxd6 Bf8 11. Rd1 Bg7 12. Kb1 Ne7 13. a3 O-O 14. Bc4 b5 15.
Ba2 a5 16. Rd6 b4 17. axb4 axb4 18. Nd1 c5 19. Ne3 Ra6 20. Rhd1 Rxd6 21. Rxd6
Kh8 22. Ng5 Kg8 23. Nc4 h6 24. Nf3 Nf6 25. Ncd2 Bb7 26. Bxe5 Nxe4 27. Nxe4 Bxe4
28. Bxg7 Kxg7 29. Ne1 g5 30. f3 Bg6 31. g4 Re8 32. Rd1 Rb8 33. Nd3 Rd8 34. Kc1
Bxd3 35. Rxd3 Rxd3 36. cxd3 Nc6 37. Bd5 Nd4 38. Be4 Kf6 39. Kd1 Ke5 40. Kd2 Kf4
41. Bd5 f5 42. gxf5 Nxf5 43. Ke2 h5 44. Kf2 h4 45. Be4 Ne3 46. Ke2 h3 47. Bc6 g4
48. fxg4 Nxg4 49. Bd7 Nxh2 50. Bxh3 Nf3 51. Bc8 Nd4+ 52. Kd2 Kf3 53. Bb7+ Kf2
54. Bd5 Nf5 55. Bg8 Nd4 56. Bd5 Nf3+ 57. Bxf3 Kxf3 58. d4 Ke4 59. dxc5 Kd5 60.
c6 Kxc6 61. Kd3 Kb5 62. Kd4 Ka5 63. Kc4 Ka4 64. Kc5 Kb3 65. Kb5 Kxb2 66. Kxb4
{Game drawn because neither player has mating material} 1/2-1/2

[Event "Team 45 45 League T81"]
[Site "Internet Chess Club"]
[Date "2019.07.13"]
[Round "3"]
[White "sdcohle"]
[Black "g8wrb"]
[Result "1-0"]
[WhiteElo "1349"]
[BlackElo "1276"]
[Opening "Queen's pawn"]
[ECO "A40"]
[Time "14:04:35"]
[TimeControl "2700+45"]

1. d4 e6 2. f4 d5 3. Nf3 Nf6 4. e3 c5 5. c3 Nc6 6. Bd3 Bd7 7. Nbd2 Qc7 8. O-O
Bd6 9. Ne5 c4 10. Bc2 b5 11. Ndf3 h6 12. Nxd7 Nxd7 13. Ne5 Nf6 14. Bd2 O-O-O 15.
a4 bxa4 16. Bxa4 Bxe5 17. fxe5 Nxe5 18. dxe5 Qxe5 19. Qf3 Rdf8 20. Bc2 Kb7 21.
Ra4 Qc7 22. Rfa1 Ra8 23. e4 Qb6+ 24. Be3 Qc6 25. exd5 exd5 26. Rxa7+ Rxa7 27.
Rxa7+ Kb8 28. Qf4+ Kc8 29. Bf5+ Kd8 30. Qb8+ {Black resigns} 1-0

[Event "Team 45 45 League T81"]
[Site "Internet Chess Club"]
[Date "2019.07.13"]
[Round "3"]
[White "Janna"]
[Black "Kidpython"]
[Result "1-0"]
[WhiteElo "1290"]
[BlackElo "1102"]
[Opening "Four knights: Italian variation"]
[ECO "C55"]
[Time "17:05:27"]
[TimeControl "2700+45"]

1. e4 e5 2. Nf3 Nc6 3. Bc4 Nf6 4. Nc3 Be7 5. d3 d6 6. Be3 Bg4 7. h3 Bh5 8. g4
Bg6 9. Qd2 Na5 10. O-O-O Nxc4 11. dxc4 Bxe4 12. Nxe4 Nxe4 13. Qd5 Nf6 14. Qxb7
a5 15. c5 Nd7 16. cxd6 cxd6 17. h4 O-O 18. h5 h6 19. g5 Kh7 20. gxh6 gxh6 21.
Qe4+ f5 22. Qd5 Nf6 23. Qd2 Ng4 24. Rdg1 Nxe3 25. Qxe3 e4 26. Nd4 Bg5 27. f4
Bxf4 28. Qxf4 Qc7 29. Ne6 Qc6 30. Rg7+ Kh8 31. Qxh6# {Black checkmated} 1-0

[Event "Team 45 45 League T81"]
[Site "Internet Chess Club"]
[Date "2019.07.15"]
[Round "3"]
[White "gregorgg"]
[Black "SeniorCitizen"]
[Result "1/2-1/2"]
[WhiteElo "1141"]
[BlackElo "1195"]
[Opening "Queen's pawn, Mason variation"]
[ECO "D00"]
[Time "10:32:10"]
[TimeControl "2700+45"]

1. d4 d5 2. Bf4 e6 3. Nf3 Nf6 4. e3 Be7 5. c4 O-O 6. Nc3 a6 7. Bd3 Bd6 8. Bg3
Nbd7 9. cxd5 exd5 10. Bxd6 cxd6 11. Qb3 Qb6 12. Qxb6 Nxb6 13. O-O Bg4 14. Nd2
Bh5 15. Rac1 Bg6 16. Bxg6 fxg6 17. Ne2 Rfc8 18. Rxc8+ Rxc8 19. Rc1 Rxc1+ 20.
Nxc1 Nc4 21. Nxc4 dxc4 22. b3 d5 23. bxc4 dxc4 24. Kf1 Kf7 25. Ke2 Ke6 26. Kd2
b5 27. f3 Nd5 28. e4 Nc7 29. d5+ Ke5 30. Ke3 g5 31. g3 Nxd5+ 32. exd5 Kxd5 33.
a3 a5 34. Na2 Kc5 35. Nc3 b4 36. axb4+ Kxb4 37. Kd4 Kb3 38. h3 Kb4 {Game drawn
by mutual agreement} 1/2-1/2

[Event "Team 45 45 League T81"]
[Site "Internet Chess Club"]
[Date "2019.07.14"]
[Round "3"]
[White "chesskix"]
[Black "Chess4Him"]
[Result "0-1"]
[WhiteElo "1382"]
[BlackElo "1534"]
[Opening "Réti opening"]
[ECO "A04"]
[Time "21:00:55"]
[TimeControl "2700+45"]

1. Nf3 g6 2. c4 Bg7 3. Nc3 d6 4. d4 Nd7 5. Bg5 h6 6. Bh4 f5 7. e3 Ngf6 8. Bxf6
Nxf6 9. h3 c6 10. Bd3 Qc7 11. Nh4 Kf7 12. Qf3 e6 13. g4 d5 14. gxf5 exf5 15.
cxd5 cxd5 16. Nxd5 Qa5+ 17. b4 Qxd5 18. Qxd5+ Nxd5 19. a3 Be6 20. Rg1 Ne7 21.
Rc1 Rac8 22. Kd2 Rhd8 23. f4 Rxc1 24. Rxc1 Rc8 25. Nf3 Rxc1 26. Kxc1 Nc6 27. Kc2
Bd5 28. Ne5+ Nxe5 29. fxe5 h5 30. h4 Bh6 31. Kd2 a6 32. Ke2 Ke6 33. Kf2 b5 34.
Ke2 Bf8 35. Kf2 Be7 36. Kg3 Bd8 37. Kh3 Bf3 38. Kg3 Bg4 39. Bf1 Kd5 40. Bd3 Be7
41. Kf4 Bxh4 42. e4+ fxe4 43. Bxe4+ Ke6 44. Bxg6 Be7 45. Ke4 Bg5 46. d5+ Kd7 47.
Bf5+ Bxf5+ 48. Kxf5 Bc1 49. Kf6 Bb2 50. d6 h4 {White resigns} 0-1

[Event "Team 45 45 League T81"]
[Site "Internet Chess Club"]
[Date "2019.07.15"]
[Round "3"]
[White "pagliaci"]
[Black "OGO"]
[Result "1-0"]
[WhiteElo "1264"]
[BlackElo "1223"]
[Opening "Giuoco Piano"]
[ECO "C54"]
[Time "14:00:39"]
[TimeControl "2700+45"]

1. e4 e5 2. Nf3 Nc6 3. Bc4 Bc5 4. c3 Nf6 5. d4 exd4 6. cxd4 Bb6 7. Bg5 d6 8. h3
O-O 9. O-O h6 10. Bh4 g5 11. Bg3 Nxe4 12. Nc3 Nxc3 13. bxc3 Bf5 14. Re1 Bg6 15.
Re2 Na5 16. Bd3 Bxd3 17. Qxd3 Qf6 18. Rae1 c6 19. Re4 Qf5 20. Bxd6 Rfd8 21. Re8+
{Black resigns} 1-0

[Event "Team 45 45 League T81"]
[Site "Internet Chess Club"]
[Date "2019.07.15"]
[Round "3"]
[White "stantheman59"]
[Black "jeffk"]
[Result "0-1"]
[WhiteElo "1225"]
[BlackElo "1141"]
[Opening "QGD: 3.Nc3"]
[ECO "D31"]
[Time "19:00:52"]
[TimeControl "2700+45"]

1. c4 e6 2. d4 d5 3. Nc3 dxc4 4. e3 Nf6 5. Bxc4 g6 6. Nf3 Bg7 7. O-O O-O 8. Qc2
Nc6 9. Rd1 Nb4 10. Qd2 Nbd5 11. e4 Nxc3 12. bxc3 Nxe4 13. Qe3 Nd6 14. Bb3 Re8
15. Ne5 Nf5 16. Qh3 f6 17. Bc2 Qd5 18. c4 Qa5 19. Bd2 Qb6 20. c5 Qa6 21. Bd3 Qa4
22. Bc2 Qxc2 23. Nf3 e5 24. Rdc1 Qd3 25. Rc3 Qb5 26. g3 Nxd4 27. Nxd4 exd4 28.
Rb3 Qc4 29. Qf1 Qxf1+ 30. Kxf1 b6 31. c6 Be6 32. Rd3 Bc4 {White resigns} 0-1

[Event "Team 45 45 League T81"]
[Site "Internet Chess Club"]
[Date "2019.07.11"]
[Round "3"]
[White "Just-Jim"]
[Black "kingsrook"]
[Result "0-1"]
[WhiteElo "1283"]
[BlackElo "1244"]
[Opening "Sicilian: closed"]
[ECO "B23"]
[Time "17:00:18"]
[TimeControl "2700+45"]

1. e4 c5 2. Nc3 e6 3. Nf3 Nc6 4. d3 Nf6 5. h3 d5 6. e5 Nd7 7. Bf4 d4 8. Ne4 Be7
9. Be2 O-O 10. O-O f5 11. Neg5 Ndxe5 12. Bxe5 Nxe5 13. c3 Nxf3+ 14. Nxf3 Bf6 15.
cxd4 cxd4 16. Nd2 b5 17. Bf3 Rb8 18. Nb3 Qb6 19. Re1 Re8 20. Qc1 Bb7 21. Bxb7
Rxb7 22. Nc5 Rc7 23. b4 a5 24. a3 h6 25. Qf4 Ree7 26. Re2 Rc6 27. h4 Kh7 28. f3
Kg6 29. g4 fxg4 30. Qxg4+ Kh7 31. Ne4 Be5 32. Rg2 Qc7 33. Rf1 Bf4 34. Qg6+ Kg8
35. Nf6+ Kf8 36. Nh7+ Kg8 37. Nf6+ Kf8 38. Nh7+ Kg8 39. Nf6+ Kf8 40. Ng4 Be3+
41. Nxe3 dxe3 42. Qe4 Rc1 43. Rxc1 Qxc1+ 44. Kh2 Qxa3 45. Qf4+ Kg8 46. Qb8+ Kf7
47. Qg3 Kg8 48. Qg6 Qxb4 49. Rc2 Qd6+ 50. Kg2 Qd8 51. Kf1 Rd7 52. Qxe6+ Kf8 53.
Qxe3 Rxd3 54. Qc5+ Kf7 55. Qf5+ Kg8 56. Ke2 Rd5 57. Qe6+ Kh7 58. Qe4+ Kg8 59.
Kf2 Rd2+ 60. Kg3 Rxc2 61. Qxc2 Qd6+ 62. f4 Qa3+ 63. Kg4 a4 64. Qc8+ Kh7 65. Qf5+
Kg8 66. Qxb5 Qb3 67. Qe8+ Kh7 68. Qe4+ Kg8 69. f5 a3 70. Qe8+ Kh7 71. Qg6+ Kg8
72. f6 Qb4+ 73. Kg3 Qc3+ 74. Kg4 Qxf6 75. Qd3 a2 76. Qc4+ Qf7 77. Qa4 Qg6+ 78.
Kh3 Qd3+ 79. Kh2 Qd2+ 80. Kh3 Qc3+ 81. Kg4 a1=Q 82. Qe8+ Kh7 83. Qe4+ g6 84. h5
Qg1+ 85. Kf4 Qh2+ 86. Kg4 Qcg3# {White checkmated} 0-1

[Event "Team 45 45 League T81"]
[Site "Internet Chess Club"]
[Date "2019.07.15"]
[Round "3"]
[White "Ajolote"]
[Black "kidviper"]
[Result "1/2-1/2"]
[WhiteElo "1943"]
[BlackElo "1828"]
[Opening "Ruy Lopez: classical (Cordel) defense"]
[ECO "C64"]
[Time "19:36:45"]
[TimeControl "2700+45"]

1. e4 e5 2. Nf3 Nc6 3. Bb5 Bc5 4. O-O Nge7 5. c3 Bb6 6. Na3 O-O 7. Nc4 d6 8.
Nxb6 axb6 9. d3 h6 10. Be3 Be6 11. d4 exd4 12. cxd4 d5 13. e5 Bf5 14. a3 Bh7 15.
Rc1 Qc8 16. Ne1 Qe6 17. Nd3 Bxd3 18. Qxd3 Nf5 19. Qc3 Na7 20. Bd3 c6 21. Bb1 f6
22. exf6 Qxf6 23. Bxf5 Qxf5 24. Qb4 b5 25. Rc3 Nc8 26. Bc1 Qf6 27. Rf3 Qd6 28.
Qc3 Rxf3 29. Qxf3 Nb6 30. Re1 Rf8 31. Qg4 Qd7 32. Qe2 Nc4 33. f3 Nd6 34. Qe6+
Qxe6 35. Rxe6 Nf5 36. Be3 {Game drawn by mutual agreement} 1/2-1/2

[Event "Team 45 45 League T81"]
[Site "Internet Chess Club"]
[Date "2019.07.15"]
[Round "3"]
[White "kidcobra"]
[Black "joaoazm"]
[Result "1/2-1/2"]
[WhiteElo "1844"]
[BlackElo "1774"]
[Opening "Sicilian defense"]
[ECO "B20"]
[Time "19:21:41"]
[TimeControl "2700+45"]

1. e4 c5 2. b3 d6 3. Bb2 Nc6 4. Nf3 Bd7 5. d4 cxd4 6. Nxd4 e6 7. Qc1 Nf6 8. Bd3
Ne5 9. Qd2 Nxd3+ 10. Qxd3 Be7 11. Nd2 O-O 12. O-O d5 13. e5 Ng4 14. f4 Bc5 15.
Nf3 Qb6 16. a4 Rfc8 17. h3 Nh6 18. Kh2 Qc7 19. g4 Bb6 20. Rf2 Kh8 21. Rg2 Qd8
22. f5 Bc7 23. Re1 Ng8 24. Bc1 Ne7 25. fxe6 Bxe6 26. Rf2 Ng6 27. Ng5 Qe7 28. Bf4
Bd7 29. Nf5 Bxf5 30. Qxf5 f6 31. exf6 Qxf6 32. Bxc7 Rxc7 33. Qxf6 gxf6 34. Ne6
Rc6 35. Nd4 Rb6 36. Re6 Rxe6 37. Nxe6 Rc8 38. Nd4 Rf8 39. Ne6 Rf7 40. Rd2 Re7
{Game drawn by mutual agreement} 1/2-1/2

[Event "Team 45 45 League T81"]
[Site "Internet Chess Club"]
[Date "2019.07.13"]
[Round "3"]
[White "MarcB"]
[Black "KidRattler"]
[Result "1/2-1/2"]
[WhiteElo "1693"]
[BlackElo "1652"]
[Opening "Réti: King's Indian attack"]
[ECO "A05"]
[Time "20:00:44"]
[TimeControl "2700+45"]

1. Nf3 Nf6 2. g3 g6 3. Bg2 Bg7 4. d4 O-O 5. O-O d6 6. Nbd2 Re8 7. c3 c6 8. e4
Nfd7 9. Re1 e5 10. b3 Nb6 11. Bb2 N8d7 12. a4 Nf8 13. a5 Nbd7 14. Nc4 Qc7 15.
Ba3 c5 16. dxc5 dxc5 17. Qd6 Ne6 18. Qxc7 Nxc7 19. Rad1 Bf8 20. Bh3 Ne6 21.
Nfxe5 Nxe5 22. Nxe5 Ng5 23. Bxc8 Raxc8 24. f4 Rxe5 25. fxe5 Nf3+ 26. Kg2 Nxe1+
27. Rxe1 Bg7 28. Rd1 Bxe5 29. Rd5 Bxc3 30. Bxc5 Bxa5 31. Bxa7 Bc3 {Game drawn by
mutual agreement} 1/2-1/2

[Event "Team 45 45 League T81"]
[Site "Internet Chess Club"]
[Date "2019.07.13"]
[Round "3"]
[White "KidBoa"]
[Black "fireball"]
[Result "1-0"]
[WhiteElo "1340"]
[BlackElo "1536"]
[Opening "French: Frere (Becker) variation"]
[ECO "C03"]
[Time "09:13:54"]
[TimeControl "2700+45"]

1. e4 e6 2. d4 d5 3. Nd2 dxe4 4. Nxe4 Qd5 5. Nc3 Bb4 6. Ne2 Nf6 7. a3 Bxc3+ 8.
Nxc3 Qd8 9. Bc4 Nc6 10. d5 exd5 11. Nxd5 O-O 12. O-O Nxd5 13. Bxd5 Qf6 14. Qf3
Qxf3 15. Bxf3 Nd4 16. Be4 f5 17. Bd5+ Kh8 18. c3 Ne2+ 19. Kh1 Nxc1 20. Raxc1 c6
21. Bc4 f4 22. Rfe1 Bf5 23. Re7 Rad8 24. Rce1 g5 25. h3 Rd2 26. R1e2 Rxe2 27.
Bxe2 Rd8 28. Bg4 Bxg4 29. hxg4 Rd2 30. Rxb7 Rxf2 31. Kg1 Rc2 32. Rxa7 Rxb2 33.
Rc7 Rb3 34. Rxc6 Rxa3 35. Kf2 Ra2+ 36. Kf3 Ra3 37. Ke4 Ra2 38. Kf5 Rxg2 39. Kf6
h5 40. Kg6 hxg4 41. Rc8# {Black checkmated} 1-0

[Event "Team 45 45 League T81"]
[Site "Internet Chess Club"]
[Date "2019.07.14"]
[Round "3"]
[White "cadmiumorange"]
[Black "calsal"]
[Result "0-1"]
[WhiteElo "1790"]
[BlackElo "1840"]
[Opening "Scandinavian defense"]
[ECO "B01"]
[Time "14:08:38"]
[TimeControl "2700+45"]

1. e4 d5 2. exd5 Nf6 3. d4 Bg4 4. f3 Bf5 5. g4 Bg6 6. c4 e6 7. Nc3 c5 8. Nge2
cxd4 9. Nxd4 Bc5 10. g5 Nfd7 11. h4 Bh5 12. Nb3 Bb6 13. Bf4 O-O 14. Be2 e5 15.
Bg3 Na6 16. Qd2 f5 17. Rf1 Rc8 18. O-O-O f4 19. Bf2 Bxf2 20. Rxf2 Qb6 21. Bd3
Nb4 22. Kb1 Nxd3 23. Qxd3 Qxf2 {White resigns} 0-1

[Event "Team 45 45 League T81"]
[Site "Internet Chess Club"]
[Date "2019.07.14"]
[Round "3"]
[White "BrianWood"]
[Black "Zugzwanged"]
[Result "1/2-1/2"]
[WhiteElo "1650"]
[BlackElo "1716"]
[Opening "Nimzo-Indian: classical variation"]
[ECO "E32"]
[Time "13:10:18"]
[TimeControl "2700+45"]

1. d4 Nf6 2. c4 e6 3. Nc3 Bb4 4. Qc2 O-O 5. Bg5 h6 6. Bh4 c5 7. Nf3 d5 8. dxc5
Nc6 9. e3 Bxc5 10. O-O-O Nb4 11. Qd2 Be7 12. a3 Na6 13. Bxf6 Bxf6 14. cxd5 exd5
15. Qxd5 Qc7 16. Qc4 Qa5 17. Nd5 Be6 18. Nxf6+ gxf6 19. Qb5 Rac8+ 20. Kb1 Bf5+
21. Ka1 Qxb5 22. Bxb5 Rc2 23. Rhf1 Be6 24. Nd4 Rc5 25. Nxe6 fxe6 26. Bxa6 bxa6
27. Rc1 Rb5 28. Rfd1 Rfb8 29. Rb1 {Game drawn by mutual agreement} 1/2-1/2

[Event "Team 45 45 League T81"]
[Site "Internet Chess Club"]
[Date "2019.07.13"]
[Round "3"]
[White "idjit"]
[Black "elessar"]
[Result "0-1"]
[WhiteElo "1617"]
[BlackElo "1637"]
[Opening "French: Fort Knox variation"]
[ECO "C10"]
[Time "12:00:41"]
[TimeControl "2700+45"]

1. e4 e6 2. d4 d5 3. Nc3 dxe4 4. Nxe4 Bd7 5. Nf3 Bc6 6. Bd3 Nd7 7. O-O Ngf6 8.
Qe2 Nxe4 9. Bxe4 Bxe4 10. Qxe4 c6 11. Bf4 Nf6 12. Qe5 Be7 13. Rfe1 O-O 14. Rad1
Qd5 15. Qc7 Qd7 16. Qxd7 Nxd7 17. c4 Nb6 18. d5 Bb4 19. Re4 Rfd8 20. a3 Bf8 21.
d6 Nd7 22. b4 g6 23. c5 Nf6 24. Re2 Nd5 25. Bg5 f6 26. Bd2 Kf7 27. Rde1 e5 28.
h3 Bg7 29. Nh2 a6 30. g4 g5 31. Nf1 Nf4 32. Bxf4 gxf4 33. Nd2 Rh8 34. Nf3 h6 35.
Nh4 h5 36. Nf5 hxg4 37. hxg4 Rh3 38. Rd1 Rah8 39. Red2 e4 40. Rd4 Rh1+ {White
resigns} 0-1

[Event "Team 45 45 League T81"]
[Site "Internet Chess Club"]
[Date "2019.07.12"]
[Round "3"]
[White "Demachaeron"]
[Black "az2112"]
[Result "1/2-1/2"]
[WhiteElo "1734"]
[BlackElo "1410"]
[Opening "QGD Slav: 4.Nc3"]
[ECO "D15"]
[Time "10:09:04"]
[TimeControl "2700+45"]

1. d4 d5 2. c4 c6 3. Nf3 Nf6 4. Nc3 h6 5. e3 Bf5 6. Bd2 e6 7. Rc1 Nbd7 8. Be2
dxc4 9. Bxc4 Nb6 10. Bb3 Bd6 11. O-O O-O 12. h3 Rc8 13. Re1 Ne4 14. Nxe4 Bxe4
15. Qe2 Nd5 16. Bc2 Bxc2 17. Rxc2 Nb4 18. Rc4 a5 19. a3 Nd5 20. Rec1 Bb8 21. Rc5
a4 22. Qd1 Ba7 23. R5c4 b5 24. Rxc6 Rxc6 25. Rxc6 Nb6 26. Ba5 Qb8 27. Bxb6 Bxb6
28. Qc2 Qb7 29. Nd2 Ra8 30. Ne4 Rd8 31. Nd6 Qb8 32. Nxb5 Ba5 33. Qxa4 Qa8 34.
Qc4 Rb8 35. a4 Bd8 36. b3 Be7 37. Rc7 Bf8 38. e4 Qxe4 39. a5 Qe1+ 40. Qf1 Qxa5
{Game drawn by mutual agreement} 1/2-1/2